 Dungeon Crawl Stone Soup version 0.16-a0-747-geaeaf20 (webtiles) character file.

70 PolkaDot the Caller (level 4, -3/30 HPs)
             Began as a Vampire Summoner on Sept 23, 2014.
             Slain by Crazy Yiuf
             ... wielding a +3 quarterstaff of chaos
              (16 damage)
             ... on Level 2 of the Dungeon.
             The game lasted 00:05:34 (1727 turns).

PolkaDot the Caller (Vampire Summoner)              Turns: 1727, Time: 00:05:34

HP  -3/30        AC  2     Str  7      XL: 4   Next:  4%
MP   4/16        EV 12     Int 18      God:
Gold 92          SH  0     Dex 14      Spells:  3 memorised,  1 level left

rFire  . . .     SeeInvis +     m - +2 cutlass (elec)
rCold  . . .     Clarity  .     a - +0 robe
rNeg   + . .     rCorr    .     (no shield)
rPois  .         rRot     .     (no helmet)
rElec  .         Spirit   .     (no cloak)
SustAb .         Warding  +     (no gloves)
rMut   .         Stasis   .     (no boots)
Gourm  .                        f - amulet of warding
MR     .....                    (no ring)
                                l - ring of magical power

@: very slightly contaminated, regenerating quickly, not resistant to hostile
enchantments, unstealthy
A: fangs 3, see invisible, unbreathing
a: no special abilities


You were on level 2 of the Dungeon.
You were very full.

You visited 1 branch of the dungeon, and saw 2 of its levels.

You collected 92 gold pieces.

Inventory:

Hand weapons
 m - a +2 cutlass of electrocution (weapon)
Armour
 a - a +0 robe (worn)
Scrolls
 c - 2 scrolls of remove curse {unknown}
 j - 2 scrolls of identify {unknown}
 k - 5 scrolls of magic mapping {unknown}
Jewellery
 f - an amulet of warding (around neck)
 l - a ring of magical power (left hand)
Potions
 d - 2 potions of degeneration {unknown}
 e - 3 potions of curing {unknown}
 g - a potion of brilliance {unknown}
 h - a potion of invisibility {unknown}
 i - a potion of agility {unknown}
Books
 b - a book of Callings

   Spells                             Type                      Level
   *Summon Small Mammal               Summoning                    1
   *Call Imp                          Summoning                    2
   *Call Canine Familiar              Summoning                    3
   Summon Guardian Golem              Hexes/Summoning              4
   Summon Lightning Spire             Summoning/Air                4
   Summon Ice Beast                   Ice/Summoning                4


   Skills:
 - Level 2.1 Dodging
 - Level 3.0 Stealth
 - Level 2.0 Spellcasting
 * Level 5.6 Summonings


You had one spell level left.
You knew the following spells:

 Your Spells              Type           Power        Failure   Level  Hunger
a - Summon Small Mammal   Summ           ###.         1%          1    #......
d - Call Canine Familiar  Summ           ###.....     6%          3    ####...
s - Call Imp              Summ           ###.....     2%          2    ##.....


Dungeon Overview and Level Annotations

Branches:
Dungeon (2/15)

Altars:

Annotations:
D:2 Crazy Yiuf


Innate Abilities, Weirdness & Mutations

Your natural rate of healing is unusually fast.
You have razor-sharp teeth.
You have supernaturally acute eyesight.
You can survive without breathing.


Message History

Confirm with . or Enter, or press ? or * to list all spells.
A beastly little devil appears in a puff of flame.
Your hound bites Crazy Yiuf.
Crazy Yiuf closely misses your hound.
Casting: Call Imp
Confirm with . or Enter, or press ? or * to list all spells.
A beastly little devil appears in a puff of flame.
* * * LOW MAGIC WARNING * * *
Crazy Yiuf cries, "Ten!"
Crazy Yiuf closely misses you.
Your hound closely misses Crazy Yiuf.
Your crimson imp closely misses Crazy Yiuf.
Casting: Call Imp
Confirm with . or Enter, or press ? or * to list all spells.
A shadowy apparition takes form in the air.
* * * LOW MAGIC WARNING * * *
Your hound bites Crazy Yiuf.
Crazy Yiuf hits you with a quarterstaff of chaos!
* * * LOW HITPOINT WARNING * * *
You are electrocuted!
Ouch! That really hurt!
You die...

#.####.#####.).......#
#.#.#### #.# #.#
#########.# #.#.# #.#
#.# ### ###.# #.# #.#
#.# #.# #.##### #.#
#.# #.....# #####
♣♣###.# ## #.# #####.#
#)5h#♣♣ ♣♣P.#..# #.
#.# ######.#
#..g.5♣♣♣♣P.....###.
#.# #...##.#
#.5@#♣..♣..P....)...
#.###......#
#####♣♣♣.♣...######.
#.......##.# ♣♣♣♣♣##
#) ######.###.# #> #.#
### #### ### #. #.#
#..# #.# #. #.# #..#
#.# #. #.########..#
#.# ##
#...........#### #(#


You could see Crazy Yiuf, a friendly hound, 2 friendly crimson imps and a
friendly shadow imp.

Vanquished Creatures
  Terence (D:2)
  An adder (D:2)
  A giant mite (D:2)
  2 giant geckos
  8 goblins
  5 hobgoblins
  4 jackals
  4 kobolds
  6 bats
  2 giant newts
  2 rats (D:1)
36 creatures vanquished.

Vanquished Creatures (collateral kills)
  A worm (D:2)
1 creature vanquished.

Vanquished Creatures (others)
  A bat (D:2)
  A rat (D:2)
2 creatures vanquished.

Grand Total: 39 creatures vanquished

Notes
Turn   | Place    | Note
--------------------------------------------------------------
     0 | D:1      | PolkaDot, the Vampire Summoner, began the quest for the Orb.
     0 | D:1      | Reached XP level 1. HP: 13/13 MP: 3/3
   435 | D:1      | Reached XP level 2. HP: 13/19 MP: 4/4
   736 | D:2      | Reached skill level 5 in Summonings
   736 | D:2      | Reached XP level 3. HP: 13/24 MP: 0/6
   915 | D:2      | Learned a level 3 spell: Call Canine Familiar
  1194 | D:2      | Noticed Terence
  1217 | D:2      | Killed Terence
  1418 | D:2      | Reached XP level 4. HP: 18/30 MP: 7/7
  1712 | D:2      | Learned a level 2 spell: Call Imp
  1718 | D:2      | Noticed Crazy Yiuf
  1727 | D:2      | Slain by Crazy Yiuf

Action                   |  1- 3 |  4- 6 || total
-------------------------+-------+-------++-------
Melee: Short sword       |    95 |       ||    95
       Cutlass           |    21 |     2 ||    23
 Cast: Summon Small Mamm |     6 |       ||     6
       Call Canine Famil |     1 |     1 ||     2
       Call Imp          |       |     3 ||     3
  Use: Potion            |     1 |       ||     1
 Stab: Sleeping          |     3 |       ||     3
  Eat: Corpse            |    11 |     1 ||    12
